 Dungeon Crawl Stone Soup version 0.26-a0-40-gfe7b5d5a6f (webtiles) character file.

Game seed: 6611275406743102092, levelgen mode: deterministic

6290 Baz the Insei (level 10, -12/100 HPs)
             Began as a Demigod Transmuter on June 1, 2020.
             Killed from afar by Harold (18 damage)
             ... with a harpoon shot
             ... on level 9 of the Dungeon.
             The game lasted 00:26:54 (13839 turns).

Baz the Insei (Demigod Transmuter)                 Turns: 13839, Time: 00:26:55

Health: -12/100    AC:  6    Str: 15    XL:     10   Next: 37%
Magic:  16/18      EV: 13    Int: 21    God:
Gold:   314        SH:  0    Dex: 16    Spells: 5/15 levels left

rFire    x . .     SeeInvis .     - Unarmed
rCold    + + +     Gourm    .   (shield currently unavailable)
rNeg     . . .     Faith    .   (armour currently unavailable)
rPois    +         Spirit   .   (helmet currently unavailable)
rElec    .         Reflect  .   (cloak currently unavailable)
rCorr    .         Harm     .   (gloves currently unavailable)
MR       +....                  (boots currently unavailable)
Stlth    +.........             (no amulet)
HPRegen  0.26/turn              (no ring)
MPRegen  0.16/turn              (no ring)

@: about to teleport, ice-form, marked, starving, drained
A: large, high mp 1
a: End Transformation


You were on level 9 of the Dungeon.
You were starving.
You were a creature of crystalline ice.
You visited 1 branch of the dungeon, and saw 9 of its levels.

You collected 399 gold pieces.
You spent 85 gold pieces at shops.

Inventory:

Hand Weapons
 m - a +1 dagger of electrocution
Missiles
 a - 85 arrows
 u - a throwing net (quivered)
Armour
 b - a +0 robe (melded)
 g - a +0 leather armour
 j - a +1 pair of gloves (melded)
 q - a +1 ring mail of cold resistance
Jewellery
 A - a +4 ring of protection {unknown}
 B - an uncursed ring of poison resistance {unknown}
 D - the ring "Deaphob" {rElec rF+ rCorr Str-2, unknown}
   (You found it on level 8 of the Dungeon)

   [ring of resist corrosion]

   It affects your strength (-2).
   It protects you from fire.
   It insulates you from electricity.
   It provides partial protection from all sources of acid and corrosion.
 H - a +4 ring of evasion {unknown}
 I - a +4 ring of protection {unknown}
Wands
 l - a wand of clouds (6)
 y - a wand of polymorph (5)
 C - a wand of disintegration (11)
Scrolls
 e - 16 scrolls of identify
 i - 2 scrolls of enchant armour {unknown}
 k - 4 scrolls of fear
 o - 2 scrolls of teleportation
 p - a scroll of enchant weapon {unknown}
 r - 2 scrolls of remove curse {unknown}
 s - a scroll of blinking {unknown}
 v - 2 scrolls of fog {unknown}
 F - a scroll of amnesia {unknown}
 G - a scroll of magic mapping {unknown}
Potions
 c - 2 potions of lignification
 f - 2 potions of curing {unknown}
 h - 3 potions of brilliance {unknown}
 n - a potion of cancellation {unknown}
 t - 3 potions of flight {unknown}
 w - a potion of haste {unknown}
 x - 2 potions of resistance {unknown}
 z - a potion of heal wounds {unknown}
 E - a potion of degeneration {unknown}
Comestibles
 d - 11 rations


   Skills:
 + Level 6.7(5.6) Fighting
 - Level 3.0(1.9) Armour
 + Level 6.2(5.0) Dodging
 + Level 7.3(6.1) Unarmed Combat
 + Level 3.2(2.1) Spellcasting
 - Level 7.0(5.8) Transmutations
 + Level 5.1(4.0) Ice Magic


You had 5 spell levels left.
You knew the following spells:

 Your Spells              Type           Power        Failure   Level  Hunger
a - Beastly Appendage     Tmut           ####..       1%          1    #......
b - Sticks to Snakes      Tmut           ####....     1%          2    ##.....
c - Spider Form           Tmut/Pois      ##........   13%         3    ###....
d - Ice Form              Ice/Tmut       ###.....     19%         4    #####..

Your spell library contained the following spells:

 Spells                   Type           Power        Failure   Level  Hunger
 Blade Hands              Tmut           ####......   36%         5    ######.
 Confusing Touch          Hex            #.......     41%         3    ###....
 Gell's Gravitas          Tloc           #.........   41%         3    ###....
 Petrify                  Tmut/Erth      ##......     41%         4    #####..
 Yara's Violent Unravell  Hex/Tmut       ##........   77%         5    ######.
 Metabolic Englaciation   Hex/Ice        ##........   86%         5    ######.


Dungeon Overview and Level Annotations

Branches:
Dungeon (9/15)             Temple (0/1) D:5
   Lair: D:8-11         Orc: D:9-12

Shops:
D:4 ?

Annotations:
D:5 3 runed translucent doors, voshxx's ghost, novice KoSu
D:9 Grum; Harold


Innate Abilities, Weirdness & Mutations

You have an increased reservoir of magic. (+10% MP)


Message History

The wolf is almost dead.
The wolf closely misses you. The wolf bites you.
Grum hits you from afar with a -1 glaive.
The wolf bites you but does no damage.
You miss the wolf.
The wolf is almost dead.
The wolf bites you.
Unknown command.
Unknown command.
You hit the wolf. You freeze the wolf.
You kill the wolf!
As you read the scroll of teleportation, it crumbles to dust.
You feel strangely unstable. Harold hits you with a +0 dire flail!!
* * * LOW HITPOINT WARNING * * *
Grum misses you.
Unknown command.
Unknown command.
Harold fires a harpoon shot at you. The harpoon shot hits you!!
You die...

#...#.#.##.#
......#.##.#
.....##.##.#####...
#######.........#
.....#####<######
.....# ### .....###
♣♣♣♣♣♣♣♣ .......#
♣♣.yg@..♣♣
.....###♣♣...♣♣.Y.♣♣
.....# ♣♣(...♣♣....♣♣
....## ♣.....♣♣.....♣♣
#'###♣♣).....♣♣......♣♣
#.###♣......♣♣♣♣......♣
....#♣.....♣♣ ♣♣...))♣
....'..♣♣♣♣♣ ♣♣♣♣♣)♣
....'..♣♣♣♣♣ ♣♣♣♣♣)♣
....#♣.....♣♣ ♣♣.....♣


You could see Harold, Grum and a killer bee.

Vanquished Creatures
  A two-headed ogre (D:8)
  A hornet (D:8)
  2 hippogriffs
  A human (D:7)
  3 hogs (D:7)
  A yak (D:7)
  A hungry ghost (D:9)
  A sky beast (D:8)
  3 ice beasts
  3 phantoms
  3 ogres
  3 wolves (D:9)
  3 centaurs
  6 bullfrogs
  A water moccasin zombie (D:7)
  2 scorpions
  6 killer bees (D:8)
  3 howler monkeys (D:6)
  4 wights (D:9)
  2 bullfrog zombies
  4 crimson imps
  7 hounds
  3 centaur skeletons
  A gnoll shaman (D:3)
  A jelly (D:5)
  3 orc priests
  6 orc wizards
  A bullfrog skeleton (D:7)
  2 iguanas (D:6)
  2 worker ants (D:6)
  A howler monkey zombie (D:7)
  11 adders
  4 gnolls
  2 shadow imps
  3 oozes
  A worm (D:2)
  2 dart slugs
  2 leopard geckos
  26 orcs
  6 giant cockroaches
  6 goblins
  6 hobgoblins
  8 jackals
  7 kobolds
  3 ball pythons
  A ball python zombie (D:5)
  11 bats
  3 frilled lizards
  A jackal skeleton (D:5)
  A quokka skeleton (D:6)
  2 rats
  A spectral orc (D:4)
188 creatures vanquished.

Vanquished Creatures (collateral kills)
  A two-headed ogre (D:9)
  A goblin (D:2)
2 creatures vanquished.

Grand Total: 190 creatures vanquished

Notes
Turn   | Place    | Note
-------+----------+-------------------------------------------
     0 | D:1      | Baz the Demigod Transmuter began the quest for the Orb.
     0 | D:1      | Reached XP level 1. HP: 15/15 MP: 5/5
   129 | D:1      | Reached skill level 1 in Fighting
   790 | D:1      | Reached XP level 2. HP: 23/23 MP: 7/7
  1465 | D:2      | Reached XP level 3. HP: 24/28 MP: 6/8
  1537 | D:2      | Learned a level 2 spell: Sticks to Snakes
  1618 | D:2      | Reached skill level 1 in Armour
  2025 | D:3      | Found an ancient bone altar of Kikubaaqudgha.
  2263 | D:3      | Reached XP level 4. HP: 18/36 MP: 9/9
  2392 | D:3      | Learned a level 3 spell: Spider Form
  3309 | D:3      | Found a faded altar of an unknown god.
  3408 | D:4      | Reached XP level 5. HP: 36/41 MP: 10/10
  3973 | D:4      | Found Eseroh's Magic Scroll Boutique.
  3981 | D:4      | Bought a scroll of teleportation for 30 gold pieces
  3981 | D:4      | Bought a scroll of fear for 35 gold pieces
  3981 | D:4      | Bought a scroll of identify for 20 gold pieces
  4027 | D:4      | Found a snail-covered altar of Cheibriados.
  4491 | D:4      | Found a sacrificial altar of Ru.
  4492 | D:4      | You fall into a shaft and drop 2 floors!
  4966 | D:6      | Noticed a centaur
  4990 | D:6      | Reached XP level 6. HP: 38/50 MP: 1/11
  5280 | D:6      | Found Bojiep's Food Emporium.
  5724 | D:5      | Entered Level 5 of the Dungeon
  5893 | D:6      | Reached XP level 7. HP: 43/57 MP: 8/12
  6150 | D:4      | Found a basalt altar of Yredelemnul.
  6644 | D:4      | Reached skill level 5 in Transmutations
  7172 | D:5      | Found a runed translucent gate.
  7172 | D:5      | Found a runed translucent gate.
  7172 | D:5      | Found a runed translucent gate.
  7806 | D:5      | Found a staircase to the Ecumenical Temple.
  7948 | D:5      | Found a blossoming altar of Fedhas.
  7992 | D:5      | Noticed voshxx's ghost (novice KoSu)
  8307 | D:6      | Reached XP level 8. HP: 64/66 MP: 11/13
  8511 | D:6      | Learned a level 4 spell: Ice Form
  8757 | D:6      | Reached skill level 5 in Unarmed Combat
  9151 | D:6      | Reached skill level 1 in Ice Magic
  9533 | D:7      | Noticed a hippogriff
  9552 | D:6      | Killed a hippogriff
  9804 | D:7      | Found an ornate altar of the Wu Jian Council.
 10033 | D:7      | Found a hazy altar of Hepliaklqana.
 10034 | D:7      | Found a shadowy altar of Dithmenos.
 10035 | D:7      | Found a glowing golden altar of the Shining One.
 10037 | D:7      | Found a white marble altar of Elyvilon.
 10038 | D:7      | Found an iron altar of Okawaru.
 10126 | D:7      | Reached XP level 9. HP: 70/73 MP: 12/14
 10132 | D:7      | Reached skill level 5 in Fighting
 10646 | D:7      | Found a shimmering altar of Xom.
 10859 | D:8      | HP: 5/111 [poisoned by a killer bee]
 10864 | D:8      | HP: 5/111 [poisoned by a killer bee]
 10871 | D:8      | HP: 5/111 [poisoned by a killer bee]
 10879 | D:8      | HP: 3/74 [poisoned by a killer bee]
 11628 | D:8      | Reached skill level 5 in Dodging
 12149 | D:8      | Got an ancient marble ring
 12448 | D:8      | Found a stormy altar of Qazlal.
 12672 | D:8      | Noticed a two-headed ogre
 12694 | D:8      | Killed a two-headed ogre
 12694 | D:8      | Reached XP level 10. HP: 37/84 MP: 15/17
 13088 | D:9      | Noticed a two-headed ogre
 13175 | D:9      | Found a burning altar of Makhleb.
 13201 | D:9      | Killed a two-headed ogre
 13250 | D:9      | Reached skill level 5 in Ice Magic
 13307 | D:9      | Noticed Harold
 13314 | D:9      | Noticed Grum
 13838 | D:9      | HP: 5/100 [Harold/+0 dire flail (26)]
 13839 | D:9      | Killed from afar by Harold

Illustrated notes

Levels and vault maps discovered:
D:1:      lemuel_arrival_lava_pool, layout_basic, corexii_leaking_fountain
D:2:      layout_loops_cross
D:3:      kennysheep_big_flooded_room, layout_basic, kiku_gazebo_pond_becter,
          first_ration, chequers_ecumenical_altar_island
D:4:      layout_rooms, nicolae_overflow_crystal_walls, kennysheep_slug_shrine,
          yredelemnul_forgotten_temple_becter, serial_shops, shop_statue
D:5:      layout_cave_pools, temple_hall, gammafunk_ghost_icy, fedhas_altar_1
D:6:      layout_loops_corners, serial_shops, nicolae_shop_behind_doors
D:7:      layout_rooms, lemuel_doored_altar, grunt_temple_overflow_open,
          lemuel_round_altar, grunt_livestock
D:8:      layout_basic, lemuel_coloured_pillars_altar
D:9:      layout_basic, makhleb_heckhound_becter, david_lair_shrubbed,
          kennysheep_cross_room, nrook_loot_triangle, david_defended_altar_orc,
          uniq_maurice, uniq_erica, uniq_grum, uniq_harold

Skill      XL: |  1  2  3  4  5  6  7  8  9 10 |
---------------+-------------------------------+-----
Fighting       | 1 2 3 4 6 |  6.7
Transmutations | 2 3 4 5 7 |  7.0
Unarmed Combat | 3 4 5 6 7 |  7.3
Armour         | 1 2 3 |  3.0
Dodging        | 2 4 5 6 |  6.2
Ice Magic      | 2 4 5 |  5.1
Spellcasting   | 2 3 |  3.2

Action                   |  1- 3 |  4- 6 |  7- 9 | 10-12 || total
-------------------------+-------+-------+-------+-------++-------
Melee: Unarmed           |   172 |   251 |   513 |    64 ||  1000
       Punch             |     5 |     2 |    17 |       ||    24
       Kick              |     7 |    27 |    13 |       ||    47
       Headbutt          |     8 |    20 |    24 |     1 ||    53
 Cast: Beastly Appendage |     7 |    18 |    24 |     1 ||    50
       Sticks to Snakes  |     1 |     3 |       |     2 ||     6
       Spider Form       |       |     4 |    13 |     4 ||    21
       Ice Form          |       |       |     2 |     2 ||     4
 Abil: End Transformatio |       |       |     1 |     1 ||     2
Evoke: Wand              |       |     1 |       |       ||     1
  Use: Potion            |       |     1 |     2 |       ||     3
       Scroll            |       |       |       |     2 ||     2
 Stab: Sleeping          |     2 |       |     2 |       ||     4
  Eat: Chunk             |     4 |    11 |    20 |     4 ||    39
       Ration            |       |     1 |     1 |       ||     2
Armor: Leather armour    |    70 |    58 |       |       ||   128
       Ring mail         |       |     7 |       |       ||     7
       Skin              |       |     2 |    25 |     6 ||    33
       Robe              |       |     1 |    67 |     4 ||    72
Dodge: Dodged            |   147 |   172 |   365 |    64 ||   748

Table legend:
 A = Non-vault XP
 B = Vault XP
 C = Vault XP percentage of total XP
 D = Non-vault monster count
 E = Vault monster count
 F = Vault count percentage of total count
                 A         B        C        D         E       F
            +---------+---------+-------+---------+---------+-------
      Total |    7601 |    1386 |  15.4 |     177 |      13 |   6.8
            +---------+---------+-------+---------+---------+-------
        D:1 |      43 |       0 |   0.0 |      22 |       0 |   0.0
        D:2 |      32 |       0 |   0.0 |       9 |       0 |   0.0
        D:3 |     229 |       4 |   1.7 |      27 |       2 |   6.9
        D:4 |     312 |       5 |   1.6 |      17 |       2 |  10.5
        D:5 |     507 |       0 |   0.0 |      21 |       0 |   0.0
        D:6 |    1368 |       0 |   0.0 |      33 |       0 |   0.0
        D:7 |     471 |     987 |  67.7 |      15 |       5 |  25.0
        D:8 |    3163 |       0 |   0.0 |      23 |       0 |   0.0
        D:9 |    1476 |     390 |  20.9 |      10 |       4 |  28.6
            +---------+---------+-------+---------+---------+-------
